 Dungeon Crawl Stone Soup version 0.18.1-1-g2f07953 (webtiles) character file.

667 Jerry the Covered (level 7, -13/61 HPs)
             Began as a Deep Dwarf Fighter on May 7, 2016.
             Mangled by a mummy (15 damage)
             ... in an ossuary.
             The game lasted 00:24:23 (3507 turns).

Jerry the Covered (Deep Dwarf Fighter)              Turns: 3507, Time: 00:24:25

Health: -13/61     AC:  5    Str: 22      XL:     7   Next: 31%
Magic:  6/6        EV:  4    Int: 12      God:
Gold:   230        SH: 10    Dex: 11 (14) Spells: 0 memorised, 6 levels left

rFire  + . .     SeeInvis +     q - +1 whip (vamp)
rCold  + . .     Gourm    .     j - +1 robe {rC+ rF+}
rNeg   . . .     Faith    .     c - +0 shield
rPois  .         Spirit   .     D - +1 helmet "Gola" {-Tele Int+4 Dex+2}
rElec  .         Dismiss  .     (no cloak)
rCorr  .         Reflect  .     (no gloves)
SustAt .         Harm     .     (no boots)
MR     +....     NoTele   +     (no amulet)
Stlth  +.........               (no ring)
                                y - ring of see invisible

@: non-regenerating, somewhat resistant to hostile enchantments, very unstealthy
A: damage resistance, recharge devices, sense surroundings 1, slow regeneration
3
a: Device Recharging


You were in an ossuary.
You were not hungry.

You visited 1 branch of the dungeon, and saw 5 of its levels.
You also visited: Ossuary.

You collected 230 gold pieces.

Inventory:

Hand Weapons
 a - a +0 war axe
 q - a +1 vampiric whip (weapon)
 E - a cursed -3 hand axe
Armour
 b - a +0 scale mail
 c - a +0 shield (worn)
 i - a +0 ring mail
 j - a +1 robe of resistance (worn)
 D - the +1 helmet "Gola" (worn) {-Tele Int+4 Dex+2}
   (You found it on level 5 of the Dungeon)

   It affects your intelligence (+4).
   It affects your dexterity (+2).
   It prevents most forms of teleportation.
Jewellery
 y - a ring of see invisible (left hand)
Wands
 e - a wand of heal wounds (0/9)
 C - a wand of polymorph (19/24)
Scrolls
 g - 3 scrolls of identify {unknown}
 h - a scroll of amnesia {unknown}
 n - 2 scrolls of magic mapping {unknown}
 r - 3 scrolls of blinking {unknown}
 t - 6 scrolls of teleportation {unknown}
 v - a scroll of enchant weapon {unknown}
 F - a scroll of remove curse {unknown}
Potions
 p - a potion of flight
 u - a potion of curing
 x - a potion of ambrosia {unknown}
 z - a potion of mutation {unknown}
 B - a potion of degeneration {unknown}
Comestibles
 d - a chunk of flesh
 f - 4 bread rations
 k - a royal jelly
 w - a meat ration


   Skills:
 - Level 2.6 Fighting
 - Level 3.2(4.2) Axes
 + Level 3.8(4.3) Maces & Flails
 + Level 6.2 Armour
 + Level 5.8 Shields


You had 6 spell levels left.
You didn't know any spells.

Dungeon Overview and Level Annotations

Branches:
Dungeon (5/15)             Temple (0/1) D:5

Altars:
Xom

Shops:
D:4 :


Innate Abilities, Weirdness & Mutations

You are resistant to damage.
You can recharge devices by infusing magical energy.
You passively map a small area around you.
You do not regenerate naturally.


Message History

The hobgoblin zombie closely misses you.
The adder zombie bites you. The orc zombie closely misses you.
The human zombie hits you.
You completely miss the elf zombie. The elf zombie closely misses you.
You block the mummy's attack. The adder zombie barely misses you.
You hit the elf zombie.
You block the hobgoblin zombie's attack.
The mummy hits you!
* * * LOW HITPOINT WARNING * * *
The orc zombie hits you but does no damage.
The mummy barely misses you. The human zombie hits you.
* * * LOW HITPOINT WARNING * * *
The adder zombie closely misses you.
The elf zombie hits you but does no damage.
You block the hobgoblin zombie's attack.
The mummy hits you!
* * * LOW HITPOINT WARNING * * *
You block the orc zombie's attack. The adder zombie bites you.
The human zombie barely misses you. The mummy hits you!
You die...

, , , , ,, , *
.....#####..... ,
...............
............... ,
...............
............... ,
............... ,
......ZZM...... ,
,.....ZZ@ZZ.....,
.....ZMMZ...... *
, ,
......ZZZ...... *
, ...............
* ,
...............,
, ,
............... *
............... ,
............... ,
, ...............


You could see 3 mummies, an adder zombie, 2 hound zombies, a goblin zombie, 2
hobgoblin zombies, a kobold zombie, a big kobold zombie, an orc zombie, an elf
zombie and a human zombie.

Vanquished Creatures
  A sky beast (D:5)
  The ghost of Potsanchik the Chiller, an amateur DEIE (Ossuary)
  A giant frog (D:5)
  A scorpion (D:4)
  A quasit (D:5)
  A centaur skeleton (D:4)
  2 giant frog skeletons (D:4)
  Terence (D:2)
  Jessica (D:2)
  Ijyb (D:3)
  A big kobold zombie (Ossuary)
  A mummy (Ossuary)
  5 adders
  A howler monkey skeleton (D:4)
  A worm (D:4)
  2 giant geckos
  12 orcs
  A ball python (D:1)
  3 giant cockroaches
  4 goblins
  8 hobgoblins
  14 jackals
  4 quokkas
  11 bats
  A giant gecko skeleton (D:4)
  2 giant newts
  A jackal skeleton (D:5)
  9 kobolds
  A quokka skeleton (D:4)
  8 rats
101 creatures vanquished.

Notes
Turn   | Place    | Note
--------------------------------------------------------------
     0 | D:1      | Jerry the Deep Dwarf Fighter began the quest for the Orb.
     0 | D:1      | Reached XP level 1. HP: 20/20 MP: 1/1
   140 | D:1      | Reached XP level 2. HP: 21/27 MP: 2/2
   673 | D:2      | Noticed Jessica
   681 | D:2      | Killed Jessica
   681 | D:2      | Reached skill level 4 in Armour
   681 | D:2      | Reached XP level 3. HP: 11/33 MP: 3/3
   988 | D:2      | Reached XP level 4. HP: 37/40 MP: 4/4
  1113 | D:2      | Noticed Terence
  1139 | D:2      | Killed Terence
  1758 | D:2      | Reached skill level 1 in Maces & Flails
  1986 | D:3      | Noticed Ijyb
  2007 | D:3      | Killed Ijyb
  2007 | D:3      | Reached XP level 5. HP: 46/46 MP: 5/5
  2612 | D:3      | Reached skill level 5 in Armour
  2632 | D:4      | Found a shimmering altar of Xom.
  2789 | D:4      | Reached XP level 6. HP: 44/55 MP: 6/6
  2806 | D:4      | Reached skill level 5 in Shields
  3076 | D:4      | Found Malut's Book Emporium.
  3108 | D:5      | Entered Level 5 of the Dungeon
  3112 | D:5      | Found a staircase to the Ecumenical Temple.
  3121 | D:5      | Got a dazzling helmet
  3127 | D:5      | Identified the +1 helmet "Gola" {-Tele Int+4 Dex+2} (You found it on level 5 of the Dungeon)
  3268 | D:5      | Noticed a sky beast
  3278 | D:5      | Killed a sky beast
  3282 | D:5      | Gained mutation: You occasionally shout uncontrollably at your foes. [mutagenic meat]
  3283 | D:5      | Gained mutation: Your magical capacity is low (-10% MP). [mutagenic meat]
  3284 | D:5      | Gained mutation: Your body sometimes deteriorates upon taking damage. [mutagenic meat]
  3285 | D:5      | Gained mutation: Your spells are a little harder to cast, but a little more powerful. [mutagenic meat]
  3286 | D:5      | Lost mutation: Your spells are a little harder to cast, but a little more powerful. [mutagenic meat]
  3372 | D:5      | Found a sand-covered staircase.
  3414 | D:5      | Reached skill level 6 in Armour
  3414 | D:5      | Reached XP level 7. HP: 48/61 MP: 6/6
  3440 | Ossuary  | Entered an ossuary
  3440 | Ossuary  | Noticed Potsanchik's ghost (amateur DEIE)
  3444 | Ossuary  | Lost mutation: Your magical capacity is low (-10% MP). [potion of cure mutation]
  3444 | Ossuary  | Lost mutation: Your body sometimes deteriorates upon taking damage. [potion of cure mutation]
  3444 | Ossuary  | Lost mutation: You occasionally shout uncontrollably at your foes. [potion of cure mutation]
  3456 | Ossuary  | Killed Potsanchik's ghost
  3486 | Ossuary  | HP: 2/61 [elf zombie (2)]
  3507 | Ossuary  | HP: 2/61 [mummy (12)]
  3507 | Ossuary  | Mangled by a mummy

Skill      XL: |  1  2  3  4  5  6 |
---------------+-------------------+-----
Armour         | 4 5 6 |  6.2
Shields        | 4 5 |  5.8
Axes           | 3 |  3.2
Maces & Flails | 1 2 3 |  3.8
Fighting       | |  2.6

Action                   |  1- 3 |  4- 6 |  7- 9 || total
-------------------------+-------+-------+-------++-------
Melee: War axe           |    76 |     4 |       ||    80
       Whip              |       |   388 |    51 ||   439
 Abil: Device Recharging |       |       |     1 ||     1
Evoke: Wand              |     1 |     1 |     9 ||    11
  Use: Potion            |       |     4 |     4 ||     8
 Stab: Sleeping          |       |     6 |       ||     6
  Eat: Chunk             |       |    12 |     1 ||    13
       Meat ration       |       |     1 |       ||     1
       Pizza             |       |     1 |       ||     1
Armor: Scale mail        |     7 |       |       ||     7
       Ring mail         |    17 |       |       ||    17
       Robe              |     8 |    83 |    46 ||   137
Dodge: Dodged            |    26 |   136 |   116 ||   278
Block: Shield            |    46 |   172 |   116 ||   334
